Oilers vs Devils
(R1)
Created - 24 septembre 2014 at 22:26
Goals
|
| Oilers |
0 |
0 |
3 |
3 |
| Devils |
1 |
2 |
3 |
6 |
|
Shots
|
| Oilers |
9 |
5 |
12 |
26 |
| Devils |
15 |
14 |
11 |
40 |
|
1st period
1. Devils , Jason Arnott 1 (Brad Ference, Greg Stewart) at 17:37
Penalties :
Jordan Nolan (Edm) for High sticking (Minor) at 15:24
2nd period
2. Devils , Mike Komisarek 1 (Vincent Lecavalier, Zach Parise) at 11:29 (PP)
3. Devils , Jason Arnott 2 (Greg Stewart, Mike Komisarek) at 19:30
Penalties :
Patrick Eaves (NJD) for High sticking (Minor) at 0:59, Jordan Nolan (Edm) for Holding (Minor) at 11:23, Patrick Kaleta (Edm) for Hooking (Minor) at 16:55
3rd period
4. Oilers , Wayne Simmonds 1 (Peter Regin, Eric Nystrom) at 1:13
5. Oilers , Joe Pavelski 1 (Christian Ehrhoff) at 1:34 (PP)
6. Devils , Patric Hornqvist 1 (Guillaume Latendresse, Stephen Weiss) at 5:10
7. Oilers , Ilya Kovalchuk 1 (Jonathan Toews, Christian Ehrhoff) at 11:51
8. Devils , Ladislav Nagy 1 (Patrick Eaves, Viktor Fasth) at 17:16
9. Devils , Dustin Boyd 1 (Patrick Eaves, Ladislav Nagy) at 17:30
Penalties :
Maxim Afinogenov (NJD) for Roughing (Minor) at 1:22, Scott Niedermayer (Edm) for Goalie Interference (Minor) at 1:43, Jason Arnott (NJD) for Tripping (Minor) at 7:06, Eric Nystrom (Edm) for Elbowing (Minor) at 14:38, Wayne Simmonds (Edm) for Holding (Minor) at 18:35
Goalie Stats
Cam Ward (Edm), 34 saves from 40 shots - (0,850), L, 0-2-0, 60:00 minutes
Viktor Fasth (NJD), 23 saves from 26 shots - (0,885), W, 2-0-0, 60:00 minutes
Players Stats for Oilers
Player Name G A P +/- PIM S H SB GA TA FO MP PP MP PK MP
------------------------------------------------------------------------------------
Christian Ehrhoff 0 2 2 0 0 1 1 0 0 0 0/0 21:22 1:43 1:14
Duncan Keith 0 0 0 -2 0 0 0 0 0 1 0/0 17:35 2:27 0:12
Eric Nystrom 0 1 1 0 2 2 2 0 0 1 2/2 15:32 0:00 3:50
Ian White 0 0 0 0 0 1 1 2 0 0 0/0 24:45 2:27 4:42
Ilya Kovalchuk 1 0 1 1 0 5 4 0 0 0 0/0 19:53 2:04 0:15
Joe Pavelski 1 0 1 1 0 5 1 0 0 0 0/1 19:30 2:03 0:00
Jonathan Toews 0 1 1 1 0 1 1 0 0 1 8/23 19:30 2:03 0:00
Jordan Nolan 0 0 0 -2 4 0 2 0 0 0 2/4 5:59 0:00 0:00
Patrick Kaleta 0 0 0 -2 2 2 1 0 2 0 0/2 14:16 2:06 0:00
Pavel Datsyuk 0 0 0 -4 0 2 3 0 0 0 15/26 22:10 2:06 4:34
Peter Regin 0 1 1 0 0 2 2 0 0 1 2/11 16:17 0:01 4:50
Rob Scuderi 0 0 0 -1 0 0 0 2 0 1 0/0 17:20 0:00 4:32
Scott Niedermayer 0 0 0 -1 2 0 0 1 0 0 0/0 18:05 1:43 3:16
Steve Begin 0 0 0 -2 0 0 0 0 0 0 0/0 10:12 0:00 4:36
Steve Staios 0 0 0 0 0 0 0 1 0 0 0/0 7:41 0:00 4:42
Tomas Fleischmann 0 0 0 -2 0 2 2 1 0 0 0/0 14:16 2:06 0:00
Wayne Simmonds 1 0 1 0 2 3 2 0 0 1 0/0 12:40 0:01 0:47
Zach Bogosian 0 0 0 -2 0 0 0 1 0 0 0/0 13:25 0:00 0:14
Players Stats for Devils
Player Name G A P +/- PIM S H SB GA TA FO MP PP MP PK MP
------------------------------------------------------------------------------------
Andy Greene 0 0 0 2 0 1 2 0 0 0 0/0 11:34 0:00 0:00
Antti Miettinen 0 0 0 3 0 0 1 0 0 0 0/0 10:02 0:00 2:19
Ben Lovejoy 0 0 0 -1 0 1 0 0 2 0 0/0 20:16 5:41 0:00
Brad Ference 0 1 1 3 0 1 2 1 0 0 0/0 15:31 0:00 1:47
Dustin Boyd 1 0 1 0 0 2 0 0 1 0 2/6 11:22 0:00 0:51
Greg Stewart 0 2 2 3 0 3 0 0 0 0 0/0 8:58 0:00 1:13
Guillaume Latendresse 0 1 1 0 0 3 2 0 0 0 1/1 17:30 4:03 0:10
Jason Arnott 2 0 2 3 2 4 0 0 0 0 6/7 8:45 0:00 1:17
Jay Bouwmeester 0 0 0 1 0 2 2 0 0 0 0/0 23:59 3:45 2:23
Ladislav Nagy 1 1 2 0 0 1 1 0 0 0 1/2 11:45 0:00 1:12
Maxim Afinogenov 0 0 0 0 2 5 3 0 1 0 1/2 20:27 5:23 0:00
Mike Komisarek 1 1 2 1 0 4 1 1 0 1 0/0 26:37 5:41 2:23
Mike Lundin 0 0 0 0 0 1 0 3 0 1 0/0 21:35 3:45 1:47
Patric Hornqvist 1 0 1 0 0 5 0 0 1 0 0/0 17:20 4:03 0:00
Patrick Eaves 0 2 2 0 2 1 1 0 0 0 0/0 10:32 0:00 0:00
Stephen Weiss 0 1 1 0 0 1 2 1 0 0 8/14 17:42 4:03 0:22
Vincent Lecavalier 0 1 1 0 0 4 5 0 1 0 21/36 20:56 5:23 0:28
Zach Parise 0 1 1 0 0 1 3 1 0 0 0/1 20:56 5:23 0:28
3 Stars
1 - Jason Arnott (NJD)
2 - Mike Komisarek (NJD)
3 - Ilya Kovalchuk (Edm)
Power Play
Oilers - 1 on 3 Attempt(s) - 33,33%
Devils - 1 on 6 Attempt(s) - 16,67%
Penalty Kill
Oilers - 5 on 6 Attempt(s) - 83,33%
- Score 0 goal in Penalty Kill
Devils - 2 on 3 Attempt(s) - 66,67%
- Score 0 goal in Penalty Kill
Official
Referees : Pollock Kevin and Peel Tim
Linesman : Andy McElman and Scott Driscoll
Game Notes
No Game Note
Finance
Level 1 -- Attendance: 6000 (100,00%) -- Ticket Income 510 000 $
Level 2 -- Attendance: 4978 (99,56%) -- Ticket Income 258 856 $
Level 3 -- Attendance: 2000 (100,00%) -- Ticket Income 56 000 $
Level 4 -- Attendance: 4000 (100,00%) -- Ticket Income 80 000 $
Luxury Box -- Attendance: 1000 (100,00%) -- Ticket Income 170 000 $
Game was played at the The prudential Center
Total Attendance: 17978 (99,88%)
Total Ticket Income: 1 074 856 $
Other Income: 161 228 $
Total Income: 1 236 084 $
Oilers
5 vs 5 Forward
Center Left Wing Right Wing Time % Phy DF OF
1 Jonathan Toews Ilya Kovalchuk Joe Pavelski 40 0 2 3
2 Pavel Datsyuk Tomas Fleischmann Patrick Kaleta 30 1 2 2
3 Peter Regin Eric Nystrom Wayne Simmonds 20 1 2 2
4 Jordan Nolan Steve Begin Pavel Datsyuk 10 1 2 2
5 vs 5 Defense
Defense Defense Time % Phy DF OF
1 Ian White Christian Ehrhoff 37 1 2 2
2 Duncan Keith Zach Bogosian 30 1 2 2
3 Scott Niedermayer Rob Scuderi 26 1 2 2
4 Duncan Keith Steve Staios 7 1 2 2
PowerPlay Forward
Center Left Wing Right Wing Time % Phy DF OF
1 Jonathan Toews Ilya Kovalchuk Joe Pavelski 50 1 1 3
2 Pavel Datsyuk Tomas Fleischmann Patrick Kaleta 50 1 1 3
PowerPlay Defense
Defense Defense Time % Phy DF OF
1 Ian White Duncan Keith 50 0 2 3
2 Christian Ehrhoff Scott Niedermayer 50 0 2 3
Penalty Kill 4 Players Forward
Center Wing Time % Phy DF OF
1 Pavel Datsyuk Steve Begin 50 1 3 1
2 Peter Regin Eric Nystrom 50 1 3 1
Penalty Kill 4 Players Defense
Defense Defense Time % Phy DF OF
1 Ian White Steve Staios 50 1 3 1
2 Scott Niedermayer Rob Scuderi 50 1 3 1
Penalty Kill - 3 Players Forward
Forward Time % Phy DF OF
1 Pavel Datsyuk 50 1 4 0
2 Peter Regin 50 1 4 0
Penalty Kill - 3 Players Defense
Defense Defense Time % Phy DF OF
1 Ian White Scott Niedermayer 50 1 4 0
2 Duncan Keith Rob Scuderi 50 1 4 0
4 vs 4 Forward
Center Wing Time % Phy DF OF
1 Jonathan Toews Ilya Kovalchuk 50 0 2 3
2 Pavel Datsyuk Joe Pavelski 50 0 2 3
4 vs 4 Defense
Defense Defense Time % Phy DF OF
1 Ian White Christian Ehrhoff 50 1 2 2
2 Duncan Keith Scott Niedermayer 50 1 2 2
Last Minutes Offensive
Center Left Wing Right Wing Defense Defense
Pavel Datsyuk Ilya Kovalchuk Jonathan Toews Ian White Scott Niedermayer
Last Minutes Defensive
Center Left Wing Right Wing Defense Defense
Pavel Datsyuk Ilya Kovalchuk Joe Pavelski Ian White Rob Scuderi
Goaltenders
Starting : Cam Ward
Backup : Sebastien Caron
Extra Forwards
Normal : Pavel Datsyuk, Eric Nystrom, Ilya Kovalchuk - PP : Peter Regin, Wayne Simmonds - PK : Wayne Simmonds
Extra Defensemen
Normal : Duncan Keith, Scott Niedermayer, Ian White - PP : Zach Bogosian - PK : Christian Ehrhoff, Zach Bogosian
Penalty Shots
Ilya Kovalchuk, Joe Pavelski, Pavel Datsyuk, Jonathan Toews, Peter Regin
Devils
5 vs 5 Forward
Center Left Wing Right Wing Time % Phy DF OF
1 Vincent Lecavalier Zach Parise Maxim Afinogenov 40 1 2 2
2 Stephen Weiss Guillaume Latendresse Patric Hornqvist 30 1 2 2
3 Dustin Boyd Ladislav Nagy Patrick Eaves 20 1 2 2
4 Jason Arnott Greg Stewart Antti Miettinen 10 1 2 2
5 vs 5 Defense
Defense Defense Time % Phy DF OF
1 Jay Bouwmeester Mike Komisarek 40 1 2 2
2 Ben Lovejoy Mike Lundin 30 1 2 2
3 Brad Ference Andy Greene 20 1 2 2
4 Mike Lundin Brad Ference 10 1 2 2
PowerPlay Forward
Center Left Wing Right Wing Time % Phy DF OF
1 Vincent Lecavalier Zach Parise Maxim Afinogenov 60 1 2 2
2 Stephen Weiss Guillaume Latendresse Patric Hornqvist 40 1 2 2
PowerPlay Defense
Defense Defense Time % Phy DF OF
1 Mike Komisarek Ben Lovejoy 60 1 2 2
2 Jay Bouwmeester Mike Lundin 40 1 2 2
Penalty Kill 4 Players Forward
Center Wing Time % Phy DF OF
1 Jason Arnott Antti Miettinen 60 1 2 2
2 Vincent Lecavalier Zach Parise 40 1 2 2
Penalty Kill 4 Players Defense
Defense Defense Time % Phy DF OF
1 Jay Bouwmeester Mike Komisarek 60 1 2 2
2 Brad Ference Mike Lundin 40 1 2 2
Penalty Kill - 3 Players Forward
Forward Time % Phy DF OF
1 Jason Arnott 60 1 2 2
2 Vincent Lecavalier 40 1 2 2
Penalty Kill - 3 Players Defense
Defense Defense Time % Phy DF OF
1 Brad Ference Mike Lundin 60 1 2 2
2 Mike Komisarek Jay Bouwmeester 40 1 2 2
4 vs 4 Forward
Center Wing Time % Phy DF OF
1 Jason Arnott Zach Parise 60 1 2 2
2 Stephen Weiss Guillaume Latendresse 40 1 2 2
4 vs 4 Defense
Defense Defense Time % Phy DF OF
1 Brad Ference Mike Komisarek 60 1 2 2
2 Jay Bouwmeester Ben Lovejoy 40 1 2 2
Last Minutes Offensive
Center Left Wing Right Wing Defense Defense
Vincent Lecavalier Zach Parise Maxim Afinogenov Ben Lovejoy Jay Bouwmeester
Last Minutes Defensive
Center Left Wing Right Wing Defense Defense
Vincent Lecavalier Zach Parise Maxim Afinogenov Ben Lovejoy Jay Bouwmeester
Goaltenders
Starting : Viktor Fasth
Backup : Dan Ellis
Extra Forwards
Normal : Jason Arnott, Antti Miettinen, Ladislav Nagy - PP : Jason Arnott, Antti Miettinen - PK : Ladislav Nagy
Extra Defensemen
Normal : Mike Lundin, Mike Komisarek, Andy Greene - PP : Mike Lundin - PK : Ben Lovejoy, Andy Greene
Penalty Shots
Vincent Lecavalier, Zach Parise, Maxim Afinogenov, Stephen Weiss, Guillaume Latendresse
% Time on Ice - Oilers
Lines # - Real PCT - Wanted PCT - Time Play
Normal Forward
1 - 38% - 40% - 17:50
2 - 27% - 30% - 12:21
3 - 23% - 20% - 10:53
4 - 11% - 10% - 5:20
Normal Defense
1 - 38% - 37% - 17:36
2 - 30% - 30% - 14:06
3 - 25% - 26% - 11:43
4 - 6% - 7% - 2:59
PP Forward
1 - 50% - 50% - 2:04
2 - 50% - 50% - 2:06
PP Defense
1 - 59% - 50% - 2:27
2 - 41% - 50% - 1:43
PK Forward
1 - 49% - 50% - 4:36
2 - 51% - 50% - 4:50
PK Defense
1 - 50% - 50% - 4:42
2 - 50% - 50% - 4:44
PK3 Forward
1 - 0% - 50%
2 - 0% - 50%
PK3 Defense
1 - 0% - 50%
2 - 0% - 50%
44 Forward
1 - 0% - 50%
2 - 0% - 50%
44 Defense
1 - 0% - 50%
2 - 0% - 50%
Last Minute Offensive - 0:00
Last Minute Defensive - 0:00
Total
Forward - 60:00
Defense - 60:00
|
% Time on Ice - Devils
Lines # - Real PCT - Wanted PCT - Time Play
Normal Forward
1 - 33% - 40% - 15:07
2 - 29% - 30% - 13:17
3 - 23% - 20% - 10:31
4 - 16% - 10% - 7:29
Normal Defense
1 - 40% - 40% - 18:47
2 - 30% - 30% - 14:00
3 - 23% - 20% - 10:50
4 - 6% - 10% - 2:47
PP Forward
1 - 57% - 60% - 5:23
2 - 43% - 40% - 4:03
PP Defense
1 - 60% - 60% - 5:41
2 - 40% - 40% - 3:45
PK Forward
1 - 89% - 60% - 3:42
2 - 11% - 40% - 0:28
PK Defense
1 - 57% - 60% - 2:23
2 - 43% - 40% - 1:47
PK3 Forward
1 - 0% - 60%
2 - 0% - 40%
PK3 Defense
1 - 0% - 60%
2 - 0% - 40%
44 Forward
1 - 0% - 60%
2 - 0% - 40%
44 Defense
1 - 0% - 60%
2 - 0% - 40%
Last Minute Offensive - 0:00
Last Minute Defensive - 0:00
Total
Forward - 60:00
Defense - 60:00
|
Play by Play
1st period
0:01 of 1st period - Jonathan Toews wins face-off versus Vincent Lecavalier in neutral zone.
0:04 of 1st period - Jay Bouwmeester is hit by Joe Pavelski and loses puck.
0:15 of 1st period - Snap shot by Vincent Lecavalier.
0:15 of 1st period - Shot Misses the Net.
0:34 of 1st period - Snap shot by Patrick Kaleta.
0:34 of 1st period - Stopped by Viktor Fasth with a rebound.
1:15 of 1st period - Wrist shot by Ladislav Nagy.
1:15 of 1st period - Deflect By Patrick Eaves.
1:15 of 1st period - Stopped by Cam Ward with a rebound.
1:17 of 1st period - Snap shot by Ben Lovejoy.
1:17 of 1st period - Stopped by Cam Ward without a rebound.
1:18 of 1st period - Jonathan Toews wins face-off versus Vincent Lecavalier in Oilers zone.
1:43 of 1st period - Zach Parise is hit by Peter Regin and loses puck.
1:50 of 1st period - Wrist shot by Wayne Simmonds.
1:50 of 1st period - Deflect By Peter Regin.
1:50 of 1st period - Shot Blocked by Brad Ference.
1:50 of 1st period - Puck is out of play.
1:51 of 1st period - Jason Arnott wins face-off versus Pavel Datsyuk in Devils zone.
1:58 of 1st period - Snap shot by Jason Arnott.
1:58 of 1st period - Stopped by Cam Ward with a rebound.
2:00 of 1st period - Slapshot by Mike Komisarek.
2:00 of 1st period - Shot Blocked by Tomas Fleischmann.
2:02 of 1st period - Backhand shot by Jay Bouwmeester.
2:02 of 1st period - Stopped by Cam Ward without a rebound.
2:03 of 1st period - Jonathan Toews wins face-off versus Dustin Boyd in Oilers zone.
2:19 of 1st period - Snap shot by Joe Pavelski.
2:19 of 1st period - Stopped by Viktor Fasth without a rebound.
2:20 of 1st period - Vincent Lecavalier wins face-off versus Pavel Datsyuk in Devils zone.
2:46 of 1st period - Jason Arnott is hit by Ilya Kovalchuk.
2:56 of 1st period - Duncan Keith is hit by Antti Miettinen and loses puck.
3:11 of 1st period - Stephen Weiss is hit by Wayne Simmonds and loses puck.
3:34 of 1st period - Slapshot by Pavel Datsyuk.
3:34 of 1st period - Stopped by Viktor Fasth without a rebound.
3:35 of 1st period - Jordan Nolan wins face-off versus Dustin Boyd in Devils zone.
4:29 of 1st period - Wrist shot by Eric Nystrom.
4:29 of 1st period - Stopped by Viktor Fasth with a rebound.
4:45 of 1st period - Wrist shot by Antti Miettinen.
4:45 of 1st period - Deflect By Jason Arnott.
4:45 of 1st period - Shot Hit the Post.
4:45 of 1st period - Puck is out of play.
4:46 of 1st period - Jason Arnott wins face-off versus Jonathan Toews in Oilers zone.
5:07 of 1st period - Jay Bouwmeester is hit by Ilya Kovalchuk and loses puck.
6:02 of 1st period - Snap shot by Jonathan Toews.
6:02 of 1st period - Shot Misses the Net.
6:23 of 1st period - Snap shot by Joe Pavelski.
6:23 of 1st period - Stopped by Viktor Fasth without a rebound.
6:24 of 1st period - Vincent Lecavalier wins face-off versus Patrick Kaleta in Devils zone.
6:24 of 1st period - Vincent Lecavalier is hit by Pavel Datsyuk.
6:40 of 1st period - Wrist shot by Tomas Fleischmann.
6:40 of 1st period - Stopped by Viktor Fasth with a rebound.
7:03 of 1st period - Wrist shot by Patric Hornqvist.
7:03 of 1st period - Stopped by Cam Ward with a rebound.
7:41 of 1st period - Wrist shot by Patric Hornqvist.
7:41 of 1st period - Deflect By Guillaume Latendresse.
7:41 of 1st period - Stopped by Cam Ward without a rebound.
7:42 of 1st period - Jordan Nolan wins face-off versus Stephen Weiss in Oilers zone.
7:42 of 1st period - Jordan Nolan is hit by Andy Greene.
7:52 of 1st period - Slapshot by Scott Niedermayer.
7:52 of 1st period - Shot Misses the Net.
8:02 of 1st period - Eric Nystrom is hit by Vincent Lecavalier and loses puck.
8:11 of 1st period - Snap shot by Vincent Lecavalier.
8:11 of 1st period - Stopped by Cam Ward with a rebound.
8:13 of 1st period - Snap shot by Zach Parise.
8:13 of 1st period - Deflect By Vincent Lecavalier.
8:13 of 1st period - Shot Misses the Net.
8:13 of 1st period - Puck is out of play.
8:14 of 1st period - Pavel Datsyuk wins face-off versus Stephen Weiss in Oilers zone.
8:19 of 1st period - Mike Lundin is hit by Tomas Fleischmann and loses puck.
8:40 of 1st period - Mike Lundin is hit by Eric Nystrom and loses puck.
8:47 of 1st period - Snap shot by Peter Regin.
8:47 of 1st period - Stopped by Viktor Fasth with a rebound.
8:49 of 1st period - Slapshot by Duncan Keith.
8:49 of 1st period - Shot Blocked by Mike Lundin.
9:11 of 1st period - Snap shot by Jonathan Toews.
9:11 of 1st period - Shot Blocked by Mike Lundin.
9:21 of 1st period - Mike Lundin is hit by Jordan Nolan.
9:39 of 1st period - Wrist shot by Patric Hornqvist.
9:39 of 1st period - Deflect By Guillaume Latendresse.
9:39 of 1st period - Shot Misses the Net.
9:39 of 1st period - Puck is out of play.
9:40 of 1st period - Stephen Weiss wins face-off versus Peter Regin in Oilers zone.
10:05 of 1st period - Duncan Keith is hit by Patrick Eaves and loses puck.
10:37 of 1st period - Duncan Keith is hit by Vincent Lecavalier and loses puck.
11:49 of 1st period - Slapshot by Vincent Lecavalier.
11:49 of 1st period - Stopped by Cam Ward without a rebound.
11:50 of 1st period - Vincent Lecavalier wins face-off versus Peter Regin in Oilers zone.
12:29 of 1st period - Slapshot by Scott Niedermayer.
12:29 of 1st period - Deflect By Peter Regin.
12:29 of 1st period - Shot Misses the Net.
12:29 of 1st period - Puck is out of play.
12:30 of 1st period - Pavel Datsyuk wins face-off versus Stephen Weiss in Devils zone.
12:33 of 1st period - Snap shot by Tomas Fleischmann.
12:33 of 1st period - Shot Misses the Net.
12:35 of 1st period - Snap shot by Pavel Datsyuk.
12:35 of 1st period - Deflect By Tomas Fleischmann.
12:35 of 1st period - Stopped by Viktor Fasth with a rebound.
12:55 of 1st period - Patrick Eaves is hit by Jonathan Toews.
13:17 of 1st period - Slapshot by Steve Begin.
13:17 of 1st period - Deflect By Pavel Datsyuk.
13:17 of 1st period - Shot Misses the Net.
13:17 of 1st period - Puck is out of play.
13:18 of 1st period - Jason Arnott wins face-off versus Jordan Nolan in Devils zone.
13:23 of 1st period - Snap shot by Jason Arnott.
13:23 of 1st period - Shot Blocked by Rob Scuderi.
13:25 of 1st period - Wrist shot by Greg Stewart.
13:25 of 1st period - Stopped by Cam Ward without a rebound.
13:26 of 1st period - Vincent Lecavalier wins face-off versus Jonathan Toews in Oilers zone.
13:39 of 1st period - Snap shot by Joe Pavelski.
13:39 of 1st period - Shot Misses the Net.
13:51 of 1st period - Scott Niedermayer is hit by Maxim Afinogenov and loses puck.
14:12 of 1st period - Slapshot by Maxim Afinogenov.
14:12 of 1st period - Shot Misses the Net.
14:18 of 1st period - Snap shot by Zach Parise.
14:18 of 1st period - Stopped by Cam Ward without a rebound.
14:19 of 1st period - Stephen Weiss wins face-off versus Pavel Datsyuk in Oilers zone.
14:20 of 1st period - Wrist shot by Guillaume Latendresse.
14:20 of 1st period - Stopped by Cam Ward without a rebound.
14:21 of 1st period - Pavel Datsyuk wins face-off versus Stephen Weiss in Oilers zone.
15:24 of 1st period - Minor Penalty to Jordan Nolan for High sticking.
15:25 of 1st period - Vincent Lecavalier wins face-off versus Peter Regin in Oilers zone.
15:26 of 1st period - Snap shot by Maxim Afinogenov.
15:26 of 1st period - Stopped by Cam Ward without a rebound.
15:27 of 1st period - Vincent Lecavalier wins face-off versus Peter Regin in Oilers zone.
16:11 of 1st period - Rob Scuderi is hit by Zach Parise and loses puck.
17:08 of 1st period - Stephen Weiss is hit by Eric Nystrom and loses puck.
17:21 of 1st period - Ben Lovejoy is hit by Pavel Datsyuk.
17:24 of 1st period - Penalty to Jordan Nolan is over, Jordan Nolan is back on ice.
17:31 of 1st period - Snap shot by Greg Stewart.
17:31 of 1st period - Shot Blocked by Scott Niedermayer.
17:33 of 1st period - Snap shot by Jason Arnott.
17:33 of 1st period - Stopped by Cam Ward with a rebound.
17:35 of 1st period - Snap shot by Greg Stewart.
17:35 of 1st period - Stopped by Cam Ward with a rebound.
17:37 of 1st period - Slapshot by Brad Ference.
17:37 of 1st period - Deflect By Jason Arnott.
17:37 of 1st period - Goal by Jason Arnott - Oilers : 0 - Devils : 1.
17:38 of 1st period - Stephen Weiss wins face-off versus Jonathan Toews in neutral zone.
17:40 of 1st period - Off-side.
17:41 of 1st period - Guillaume Latendresse wins face-off versus Jonathan Toews in neutral zone.
17:46 of 1st period - Snap shot by Stephen Weiss.
17:46 of 1st period - Shot Misses the Net.
19:23 of 1st period - Wrist shot by Vincent Lecavalier.
19:23 of 1st period - Shot Misses the Net.
19:43 of 1st period - Snap shot by Ilya Kovalchuk.
19:43 of 1st period - Stopped by Viktor Fasth without a rebound.
19:44 of 1st period - Dustin Boyd wins face-off versus Jonathan Toews in Devils zone.
19:44 of 1st period - Dustin Boyd is hit by Ilya Kovalchuk.
Goals for this period are 0 for Oilers vs 1 for Devils.
Shots for this period are 9 for Oilers vs 15 for Devils.
2nd period
0:01 of 2nd period - Pavel Datsyuk wins face-off versus Vincent Lecavalier in neutral zone.
0:08 of 2nd period - Tomas Fleischmann is hit by Zach Parise and loses puck.
0:15 of 2nd period - Slapshot by Maxim Afinogenov.
0:15 of 2nd period - Stopped by Cam Ward with a rebound.
0:50 of 2nd period - Jay Bouwmeester is hit by Peter Regin and loses puck.
0:59 of 2nd period - Minor Penalty to Patrick Eaves for High sticking.
1:00 of 2nd period - Jason Arnott wins face-off versus Jonathan Toews in Devils zone.
1:12 of 2nd period - Off-side.
1:13 of 2nd period - Jason Arnott wins face-off versus Pavel Datsyuk in neutral zone.
1:22 of 2nd period - Jason Arnott is hit by Pavel Datsyuk and loses puck.
2:51 of 2nd period - Patrick Kaleta is hit by Ladislav Nagy and loses puck.
2:59 of 2nd period - Penalty to Patrick Eaves is over, Patrick Eaves is back on ice.
3:17 of 2nd period - Wayne Simmonds is hit by Andy Greene and loses puck.
3:30 of 2nd period - Vincent Lecavalier is hit by Jordan Nolan and loses puck.
4:13 of 2nd period - Steve Staios is hit by Guillaume Latendresse and loses puck.
4:29 of 2nd period - Icing by Jay Bouwmeester.
4:30 of 2nd period - Stephen Weiss wins face-off versus Peter Regin in Devils zone.
4:43 of 2nd period - Wrist shot by Vincent Lecavalier.
4:43 of 2nd period - Shot Misses the Net.
4:55 of 2nd period - Slapshot by Ilya Kovalchuk.
4:55 of 2nd period - Stopped by Viktor Fasth with a rebound.
4:57 of 2nd period - Slapshot by Joe Pavelski.
4:57 of 2nd period - Stopped by Viktor Fasth without a rebound.
4:58 of 2nd period - Stephen Weiss wins face-off versus Jonathan Toews in Devils zone.
6:17 of 2nd period - Snap shot by Patric Hornqvist.
6:17 of 2nd period - Shot Misses the Net.
6:34 of 2nd period - Slapshot by Guillaume Latendresse.
6:34 of 2nd period - Stopped by Cam Ward with a rebound.
7:39 of 2nd period - Wrist shot by Patric Hornqvist.
7:39 of 2nd period - Stopped by Cam Ward without a rebound.
7:40 of 2nd period - Pavel Datsyuk wins face-off versus Vincent Lecavalier in Oilers zone.
8:06 of 2nd period - Eric Nystrom is hit by Mike Komisarek.
8:14 of 2nd period - Antti Miettinen is hit by Wayne Simmonds and loses puck.
8:33 of 2nd period - Wrist shot by Steve Begin.
8:33 of 2nd period - Shot Misses the Net.
9:02 of 2nd period - Jordan Nolan is hit by Vincent Lecavalier and loses puck.
9:34 of 2nd period - Wayne Simmonds is hit by Jay Bouwmeester and loses puck.
11:23 of 2nd period - Minor Penalty to Jordan Nolan for Holding.
11:24 of 2nd period - Vincent Lecavalier wins face-off versus Pavel Datsyuk in Oilers zone.
11:27 of 2nd period - Slapshot by Vincent Lecavalier.
11:27 of 2nd period - Stopped by Cam Ward with a rebound.
11:29 of 2nd period - Slapshot by Mike Komisarek.
11:29 of 2nd period - Goal by Mike Komisarek - Oilers : 0 - Devils : 2.
11:30 of 2nd period - Vincent Lecavalier wins face-off versus Pavel Datsyuk in neutral zone.
11:55 of 2nd period - Patric Hornqvist is hit by Ilya Kovalchuk and loses puck.
12:44 of 2nd period - Pavel Datsyuk is hit by Brad Ference.
14:00 of 2nd period - Off-side.
14:01 of 2nd period - Jonathan Toews wins face-off versus Dustin Boyd in neutral zone.
14:05 of 2nd period - Off-side.
14:06 of 2nd period - Pavel Datsyuk wins face-off versus Vincent Lecavalier in neutral zone.
14:11 of 2nd period - Slapshot by Christian Ehrhoff.
14:11 of 2nd period - Shot Blocked by Zach Parise.
14:45 of 2nd period - Wrist shot by Guillaume Latendresse.
14:45 of 2nd period - Deflect By Patric Hornqvist.
14:45 of 2nd period - Stopped by Cam Ward without a rebound.
14:46 of 2nd period - Pavel Datsyuk wins face-off versus Dustin Boyd in Oilers zone.
15:11 of 2nd period - Zach Bogosian is hit by Guillaume Latendresse and loses puck.
15:24 of 2nd period - Snap shot by Patric Hornqvist.
15:24 of 2nd period - Stopped by Cam Ward without a rebound.
15:25 of 2nd period - Vincent Lecavalier wins face-off versus Peter Regin in Oilers zone.
15:26 of 2nd period - Wrist shot by Maxim Afinogenov.
15:26 of 2nd period - Stopped by Cam Ward with a rebound.
15:28 of 2nd period - Slapshot by Mike Komisarek.
15:28 of 2nd period - Stopped by Cam Ward without a rebound.
15:29 of 2nd period - Peter Regin wins face-off versus Vincent Lecavalier in Oilers zone.
15:42 of 2nd period - Ian White is hit by Jay Bouwmeester and loses puck.
15:59 of 2nd period - Wrist shot by Patrick Kaleta.
15:59 of 2nd period - Stopped by Viktor Fasth without a rebound.
16:00 of 2nd period - Pavel Datsyuk wins face-off versus Stephen Weiss in Devils zone.
16:17 of 2nd period - Patrick Kaleta is hit by Stephen Weiss and loses puck.
16:47 of 2nd period - Patrick Eaves is hit by Patrick Kaleta and loses puck.
16:55 of 2nd period - Minor Penalty to Patrick Kaleta for Hooking.
16:56 of 2nd period - Vincent Lecavalier wins face-off versus Peter Regin in Oilers zone.
16:56 of 2nd period - Wrist shot by Maxim Afinogenov.
16:56 of 2nd period - Stopped by Cam Ward with a rebound.
16:58 of 2nd period - Slapshot by Maxim Afinogenov.
16:58 of 2nd period - Shot Blocked by Steve Staios.
17:04 of 2nd period - Snap shot by Maxim Afinogenov.
17:04 of 2nd period - Shot Blocked by Ian White.
17:33 of 2nd period - Off-side.
17:34 of 2nd period - Stephen Weiss wins face-off versus Peter Regin in neutral zone.
17:37 of 2nd period - Slapshot by Ben Lovejoy.
17:37 of 2nd period - Shot Misses the Net.
17:47 of 2nd period - Snap shot by Stephen Weiss.
17:47 of 2nd period - Stopped by Cam Ward with a rebound.
18:03 of 2nd period - Steve Begin is hit by Vincent Lecavalier and loses puck.
18:55 of 2nd period - Penalty to Patrick Kaleta is over, Patrick Kaleta is back on ice.
19:08 of 2nd period - Snap shot by Zach Bogosian.
19:08 of 2nd period - Shot Misses the Net.
19:22 of 2nd period - Snap shot by Mike Komisarek.
19:22 of 2nd period - Stopped by Cam Ward with a rebound.
19:24 of 2nd period - Wrist shot by Jason Arnott.
19:24 of 2nd period - Shot Blocked by Zach Bogosian.
19:28 of 2nd period - Snap shot by Greg Stewart.
19:28 of 2nd period - Shot Misses the Net.
19:30 of 2nd period - Snap shot by Jason Arnott.
19:30 of 2nd period - Goal by Jason Arnott - Oilers : 0 - Devils : 3.
19:31 of 2nd period - Vincent Lecavalier wins face-off versus Jonathan Toews in neutral zone.
19:34 of 2nd period - Slapshot by Mike Lundin.
19:34 of 2nd period - Stopped by Cam Ward without a rebound.
19:35 of 2nd period - Jonathan Toews wins face-off versus Vincent Lecavalier in Oilers zone.
19:46 of 2nd period - Wrist shot by Ilya Kovalchuk.
19:46 of 2nd period - Stopped by Viktor Fasth with a rebound.
19:48 of 2nd period - Wrist shot by Jonathan Toews.
19:48 of 2nd period - Shot Misses the Net.
19:50 of 2nd period - Wrist shot by Joe Pavelski.
19:50 of 2nd period - Stopped by Viktor Fasth without a rebound.
19:51 of 2nd period - Stephen Weiss wins face-off versus Patrick Kaleta in Devils zone.
Goals for this period are 0 for Oilers vs 2 for Devils.
Shots for this period are 5 for Oilers vs 14 for Devils.
3rd period
0:01 of 3rd period - Vincent Lecavalier wins face-off versus Jonathan Toews in neutral zone.
0:12 of 3rd period - Wrist shot by Zach Parise.
0:12 of 3rd period - Shot Misses the Net.
0:14 of 3rd period - Snap shot by Zach Parise.
0:14 of 3rd period - Deflect By Vincent Lecavalier.
0:14 of 3rd period - Shot Blocked by Ian White.
0:14 of 3rd period - Puck is out of play.
0:15 of 3rd period - Pavel Datsyuk wins face-off versus Zach Parise in Oilers zone.
0:45 of 3rd period - Snap shot by Ilya Kovalchuk.
0:45 of 3rd period - Deflect By Patric Hornqvist.
0:45 of 3rd period - Stopped by Viktor Fasth with a rebound.
0:47 of 3rd period - Wrist shot by Duncan Keith.
0:47 of 3rd period - Shot Blocked by Stephen Weiss.
0:49 of 3rd period - Slapshot by Jonathan Toews.
0:49 of 3rd period - Shot Hit the Post.
0:51 of 3rd period - Slapshot by Joe Pavelski.
0:51 of 3rd period - Shot Misses the Net.
0:53 of 3rd period - Wrist shot by Jonathan Toews.
0:53 of 3rd period - Stopped by Viktor Fasth with a rebound.
1:05 of 3rd period - Snap shot by Wayne Simmonds.
1:05 of 3rd period - Stopped by Viktor Fasth with a rebound.
1:07 of 3rd period - Snap shot by Wayne Simmonds.
1:07 of 3rd period - Stopped by Viktor Fasth with a rebound.
1:09 of 3rd period - Snap shot by Wayne Simmonds.
1:09 of 3rd period - Shot Blocked by Mike Lundin.
1:11 of 3rd period - Slapshot by Peter Regin.
1:11 of 3rd period - Stopped by Viktor Fasth with a rebound.
1:13 of 3rd period - Snap shot by Wayne Simmonds.
1:13 of 3rd period - Goal by Wayne Simmonds - Oilers : 1 - Devils : 3.
1:14 of 3rd period - Jonathan Toews wins face-off versus Vincent Lecavalier in neutral zone.
1:22 of 3rd period - Minor Penalty to Maxim Afinogenov for Roughing.
1:23 of 3rd period - Jason Arnott wins face-off versus Joe Pavelski in Devils zone.
1:34 of 3rd period - Snap shot by Joe Pavelski.
1:34 of 3rd period - Goal by Joe Pavelski - Oilers : 2 - Devils : 3.
1:35 of 3rd period - Vincent Lecavalier wins face-off versus Jonathan Toews in neutral zone.
1:38 of 3rd period - Slapshot by Jay Bouwmeester.
1:38 of 3rd period - Stopped by Cam Ward without a rebound.
1:39 of 3rd period - Vincent Lecavalier wins face-off versus Jonathan Toews in Oilers zone.
1:43 of 3rd period - Minor Penalty to Scott Niedermayer for Goalie Interference.
1:44 of 3rd period - Pavel Datsyuk wins face-off versus Maxim Afinogenov in Oilers zone.
1:44 of 3rd period - Pavel Datsyuk is hit by Maxim Afinogenov.
1:54 of 3rd period - Off-side.
1:55 of 3rd period - Peter Regin wins face-off versus Vincent Lecavalier in neutral zone.
3:43 of 3rd period - Penalty to Scott Niedermayer is over, Scott Niedermayer is back on ice.
4:00 of 3rd period - Snap shot by Ilya Kovalchuk.
4:00 of 3rd period - Shot Hit the Post.
4:28 of 3rd period - Off-side.
4:29 of 3rd period - Pavel Datsyuk wins face-off versus Jason Arnott in neutral zone.
4:31 of 3rd period - Christian Ehrhoff is hit by Brad Ference and loses puck.
5:02 of 3rd period - Wrist shot by Greg Stewart.
5:02 of 3rd period - Stopped by Cam Ward with a rebound.
5:04 of 3rd period - Snap shot by Andy Greene.
5:04 of 3rd period - Deflect By Jonathan Toews.
5:04 of 3rd period - Stopped by Cam Ward with a rebound.
5:06 of 3rd period - Slapshot by Brad Ference.
5:06 of 3rd period - Stopped by Cam Ward without a rebound.
5:07 of 3rd period - Stephen Weiss wins face-off versus Peter Regin in Oilers zone.
5:10 of 3rd period - Wrist shot by Patric Hornqvist.
5:10 of 3rd period - Goal by Patric Hornqvist - Oilers : 2 - Devils : 4.
5:11 of 3rd period - Jonathan Toews wins face-off versus Vincent Lecavalier in neutral zone.
5:24 of 3rd period - Wrist shot by Jonathan Toews.
5:24 of 3rd period - Deflect By Ilya Kovalchuk.
5:24 of 3rd period - Shot Misses the Net.
5:24 of 3rd period - Puck is out of play.
5:25 of 3rd period - Maxim Afinogenov wins face-off versus Pavel Datsyuk in Devils zone.
5:32 of 3rd period - Ian White is hit by Vincent Lecavalier and loses puck.
5:51 of 3rd period - Jay Bouwmeester is hit by Christian Ehrhoff and loses puck.
6:34 of 3rd period - Snap shot by Maxim Afinogenov.
6:34 of 3rd period - Stopped by Cam Ward with a rebound.
7:06 of 3rd period - Minor Penalty to Jason Arnott for Tripping.
7:07 of 3rd period - Pavel Datsyuk wins face-off versus Ladislav Nagy in Devils zone.
7:08 of 3rd period - Slapshot by Ian White.
7:08 of 3rd period - Stopped by Viktor Fasth without a rebound.
7:09 of 3rd period - Ladislav Nagy wins face-off versus Pavel Datsyuk in Devils zone.
8:25 of 3rd period - Brad Ference is hit by Tomas Fleischmann.
9:06 of 3rd period - Penalty to Jason Arnott is over, Jason Arnott is back on ice.
9:19 of 3rd period - Eric Nystrom is hit by Stephen Weiss and loses puck.
9:43 of 3rd period - Zach Bogosian is hit by Zach Parise and loses puck.
10:40 of 3rd period - Snap shot by Vincent Lecavalier.
10:40 of 3rd period - Stopped by Cam Ward without a rebound.
10:41 of 3rd period - Eric Nystrom wins face-off versus Vincent Lecavalier in Oilers zone.
10:47 of 3rd period - Off-side.
10:48 of 3rd period - Eric Nystrom wins face-off versus Vincent Lecavalier in neutral zone.
10:50 of 3rd period - Off-side.
10:51 of 3rd period - Vincent Lecavalier wins face-off versus Jonathan Toews in neutral zone.
10:58 of 3rd period - Wrist shot by Maxim Afinogenov.
10:58 of 3rd period - Deflect By Vincent Lecavalier.
10:58 of 3rd period - Shot Misses the Net.
10:58 of 3rd period - Puck is out of play.
10:59 of 3rd period - Vincent Lecavalier wins face-off versus Jonathan Toews in Oilers zone.
11:51 of 3rd period - Slapshot by Ilya Kovalchuk.
11:51 of 3rd period - Goal by Ilya Kovalchuk - Oilers : 3 - Devils : 4.
11:52 of 3rd period - Pavel Datsyuk wins face-off versus Vincent Lecavalier in neutral zone.
12:23 of 3rd period - Stephen Weiss is hit by Ian White and loses puck.
12:30 of 3rd period - Snap shot by Peter Regin.
12:30 of 3rd period - Shot Blocked by Mike Komisarek.
12:32 of 3rd period - Slapshot by Eric Nystrom.
12:32 of 3rd period - Stopped by Viktor Fasth with a rebound.
12:34 of 3rd period - Slapshot by Christian Ehrhoff.
12:34 of 3rd period - Stopped by Viktor Fasth with a rebound.
13:00 of 3rd period - Slapshot by Mike Komisarek.
13:00 of 3rd period - Shot Blocked by Rob Scuderi.
13:35 of 3rd period - Slapshot by Pavel Datsyuk.
13:35 of 3rd period - Stopped by Viktor Fasth without a rebound.
13:36 of 3rd period - Vincent Lecavalier wins face-off versus Pavel Datsyuk in Devils zone.
14:01 of 3rd period - Snap shot by Dustin Boyd.
14:01 of 3rd period - Shot Misses the Net.
14:16 of 3rd period - Icing by Jonathan Toews.
14:17 of 3rd period - Jonathan Toews wins face-off versus Stephen Weiss in Oilers zone.
14:28 of 3rd period - Wrist shot by Peter Regin.
14:28 of 3rd period - Shot Misses the Net.
14:38 of 3rd period - Minor Penalty to Eric Nystrom for Elbowing.
14:39 of 3rd period - Vincent Lecavalier wins face-off versus Pavel Datsyuk in Oilers zone.
14:42 of 3rd period - Slapshot by Vincent Lecavalier.
14:42 of 3rd period - Deflect By Maxim Afinogenov.
14:42 of 3rd period - Shot Misses the Net.
14:42 of 3rd period - Puck is out of play.
14:43 of 3rd period - Pavel Datsyuk wins face-off versus Vincent Lecavalier in Oilers zone.
14:43 of 3rd period - Pavel Datsyuk is hit by Maxim Afinogenov.
16:38 of 3rd period - Penalty to Eric Nystrom is over, Eric Nystrom is back on ice.
17:16 of 3rd period - Slapshot by Ladislav Nagy.
17:16 of 3rd period - Goal by Ladislav Nagy - Oilers : 3 - Devils : 5.
17:17 of 3rd period - Dustin Boyd wins face-off versus Jordan Nolan in neutral zone.
17:28 of 3rd period - Snap shot by Dustin Boyd.
17:28 of 3rd period - Stopped by Cam Ward with a rebound.
17:30 of 3rd period - Snap shot by Dustin Boyd.
17:30 of 3rd period - Goal by Dustin Boyd - Oilers : 3 - Devils : 6.
17:31 of 3rd period - Vincent Lecavalier wins face-off versus Jonathan Toews in neutral zone.
17:33 of 3rd period - Off-side.
17:34 of 3rd period - Vincent Lecavalier wins face-off versus Jonathan Toews in neutral zone.
17:39 of 3rd period - Snap shot by Zach Parise.
17:39 of 3rd period - Shot Misses the Net.
18:35 of 3rd period - Minor Penalty to Wayne Simmonds for Holding.
18:36 of 3rd period - Vincent Lecavalier wins face-off versus Pavel Datsyuk in Oilers zone.
18:47 of 3rd period - Slapshot by Maxim Afinogenov.
18:47 of 3rd period - Shot Misses the Net.
18:49 of 3rd period - Snap shot by Mike Komisarek.
18:49 of 3rd period - Stopped by Cam Ward without a rebound.
18:50 of 3rd period - Pavel Datsyuk wins face-off versus Vincent Lecavalier in Oilers zone.
Goals for this period are 3 for Oilers vs 3 for Devils.
Shots for this period are 12 for Oilers vs 11 for Devils.
Output by the SimonT Hockey Simulator (STHS) for François Prévost -- Original Page W3C XHTML 1.0 Valid